 Dungeon Crawl Stone Soup version 0.18-b1-22-ge198996 (webtiles) character file.

431 RudyRod the Grave Robber (level 6, -2/41 HPs)
             Began as a Demonspawn Necromancer on May 4, 2016.
             Killed from afar by RexLacerta's ghost (7 damage)
             ... with a puff of flame
             ... on level 4 of the Dungeon.
             The game lasted 00:19:10 (4196 turns).

RudyRod the Grave Robber (Demonspawn Necromancer)   Turns: 4196, Time: 00:19:11

Health: -2/41      AC:  3    Str:  7 (9)  XL:     6   Next: 66%
Magic:  5/12       EV: 12    Int: 15 (18) God:
Gold:   128        SH:  0    Dex: 13      Spells: 4 memorised, 4 levels left

rFire  . . .     SeeInvis +     e - +0 short sword
rCold  . . .     Gourm    .     m - +0 leather armour
rNeg   . . .     Faith    .     (no shield)
rPois  .         Spirit   .     (helmet restricted)
rElec  .         Dismiss  .     (no cloak)
rCorr  .         Reflect  .     (no gloves)
SustAt .         Harm     .     (no boots)
MR     .....                    (no amulet)
Stlth  ++........               y - +1 ring of evasion (curse)
                                w - ring of see invisible

@: not resistant to hostile enchantments, unstealthy
A: horns 1, powered by pain 2, spiny 1
a: no special abilities


You were on level 4 of the Dungeon.
You were not hungry.

You visited 1 branch of the dungeon, and saw 4 of its levels.

You collected 128 gold pieces.

Inventory:

Hand Weapons
 e - a +0 short sword (weapon)
Missiles
 n - 148 stones (quivered)
Armour
 a - a +0 robe
 h - a +0 helmet
 m - a +0 leather armour (worn)
Jewellery
 w - a ring of see invisible (left hand)
 y - a cursed +1 ring of evasion (right hand)
Wands
 r - a wand of random effects (22/48)
Scrolls
 i - 2 scrolls of blinking {unknown}
 j - a scroll of remove curse {unknown}
 k - 5 scrolls of identify {unknown}
 l - a scroll of fear {unknown}
 o - a scroll of noise {unknown}
 p - a scroll of teleportation {unknown}
 q - 2 scrolls of magic mapping {unknown}
 s - a scroll of recharging {unknown}
 t - a scroll of random uselessness {unknown}
 x - a scroll of amnesia {unknown}
Potions
 d - a potion of might
 f - a potion of flight
 v - a potion of magic {unknown}
 z - a potion of mutation {unknown}
Books
 b - a book of Necromancy

   Spells                             Type                      Level
   a - Pain                           Necromancy                   1
   b - Animate Skeleton               Necromancy                   1
   c - Vampiric Draining              Necromancy                   3
   d - Regeneration                   Charms/Necromancy            3
   e - Animate Dead                   Necromancy                   4
   f - Control Undead                 Necromancy                   4
Comestibles
 c - 2 bread rations
 g - a beef jerky
 u - a meat ration


   Skills:
 * Level 1.8 Armour
 + Level 2.0 Dodging
 + Level 2.0 Stealth
 + Level 4.4 Spellcasting
 + Level 6.6 Necromancy


You had 4 spell levels left.
You knew the following spells:

 Your Spells              Type           Power        Failure   Level  Hunger
a - Pain                  Necr           ###.         1%          1    None
b - Animate Skeleton      Necr           N/A          1%          1    None
c - Vampiric Draining     Necr           ###.......   6%          3    ###....
d - Animate Dead          Necr           N/A          17%         4    ####...


Dungeon Overview and Level Annotations

Branches:
Dungeon (4/15)
 Temple: D:4-7

Altars:
Qazlal

Annotations:
D:4 Pikel; RexLacerta's ghost, novice HuFE


Innate Abilities, Weirdness & Mutations

You have a pair of small horns on your head.
You sometimes gain power by taking damage.
You are partially covered in sharp spines.


Message History

Pikel freezes you.
* * * LOW HITPOINT WARNING * * *
The slave hits you but does no damage.
Your worker ant zombie closely misses Pikel.
Pikel hits your worker ant zombie with a whip of freezing.
The slave hits your worker ant zombie.
Your worker ant zombie closely misses Pikel.
A hound comes into view.
The hound barks!
The hound pauses to sniff the ground.
Pikel hits your worker ant zombie with a whip of freezing.
The slave barely misses your worker ant zombie.
Your worker ant zombie closely misses Pikel.
Pikel hits your worker ant zombie with a whip of freezing.
The slave closely misses your worker ant zombie.
Your worker ant zombie misses Pikel.
RexLacerta's ghost turns its malevolent gaze towards you.
RexLacerta's ghost gestures at you while chanting.
The puff of flame hits you!
You die...

<.......+ ..........# ...
.........## #+# ....
.##+###..# +.+ ..W .# #...##
#.# ##.# .# ....###.#.###..#
.# ##+.....#......#
#######......###..h.# ##
......#.........@...# ..###'
......#.......#.....##...'..
#######.......#.....Zpp..#
........#######......K..##
........#.....#.........#
........'.....#.....##..#
........#....##.....##..#
..........#..##.....##..#
###############.........#


You could see Pikel, 2 slaves, a hound, RexLacerta's ghost and a friendly worker
ant zombie.

Vanquished Creatures
  An ogre (D:4)
  A scorpion (D:4)
  A howler monkey (D:4)
  2 orc wizards (D:4)
  2 worker ants (D:4)
  3 gnolls (D:3)
  3 adders
  An ooze (D:3)
  A worm (D:3)
  4 dart slugs
  3 giant geckos (D:1)
  2 orcs (D:4)
  5 giant cockroaches
  7 goblins
  5 hobgoblins
  3 jackals (D:3)
  2 quokkas
  9 bats
  5 giant newts
  8 kobolds
  9 rats
77 creatures vanquished.

Vanquished Creatures (collateral kills)
  A giant frog skeleton (D:4)
1 creature vanquished.

Grand Total: 78 creatures vanquished

Notes
Turn   | Place    | Note
--------------------------------------------------------------
     0 | D:1      | RudyRod the Demonspawn Necromancer began the quest for the Orb.
     0 | D:1      | Reached XP level 1. HP: 13/13 MP: 3/3
   262 | D:1      | Gained mutation: You are partially covered in sharp spines. [demonic ancestry]
   262 | D:1      | Reached XP level 2. HP: 16/19 MP: 0/5
   584 | D:1      | Reached skill level 5 in Necromancy
   903 | D:1      | Reached XP level 3. HP: 24/24 MP: 4/6
  2054 | D:2      | Found a faded altar to an unknown god.
  2147 | D:2      | Noticed an earth elemental
  2149 | D:2      | Found a stormy altar of Qazlal.
  2150 | D:2      | Noticed a water elemental
  2150 | D:2      | Noticed a fire elemental
  2150 | D:2      | Noticed an air elemental
  2226 | D:3      | Gained mutation: You have a pair of small horns on your head. [demonic ancestry]
  2226 | D:3      | Reached XP level 4. HP: 30/30 MP: 5/7
  2251 | D:3      | Learned a level 1 spell: Animate Skeleton
  2260 | D:3      | Learned a level 3 spell: Vampiric Draining
  2303 | D:3      | Reached skill level 1 in Armour
  3219 | D:4      | Reached skill level 6 in Necromancy
  3219 | D:4      | Gained mutation: You sometimes gain a little power by taking damage. [demonic ancestry]
  3219 | D:4      | Reached XP level 5. HP: 29/35 MP: 2/9
  3276 | D:4      | Noticed RexLacerta's ghost (novice HuFE)
  3316 | D:4      | Learned a level 4 spell: Animate Dead
  3495 | D:4      | Gained mutation: You sometimes gain power by taking damage. [demonic ancestry]
  3495 | D:4      | Reached XP level 6. HP: 11/41 MP: 4/11
  4159 | D:4      | Noticed Pikel
  4186 | D:4      | Noticed a slave
  4187 | D:4      | Noticed a slave
  4188 | D:4      | Noticed a slave
  4196 | D:4      | Killed from afar by RexLacerta's ghost

Skill      XL: |  1  2  3  4  5  6 |
---------------+-------------------+-----
Necromancy     | 5 6 |  6.6
Armour         | 1 |  1.8
Dodging        | 2 |  2.0
Spellcasting   | 3 4 |  4.4
Stealth        | 2 |  2.0

Action                   |  1- 3 |  4- 6 || total
-------------------------+-------+-------++-------
Melee: Unarmed           |     1 |       ||     1
       Short sword       |     3 |     7 ||    10
 Cast: Pain              |    56 |    79 ||   135
       Animate Dead      |       |     2 ||     2
       Vampiric Draining |       |     1 ||     1
  Use: Potion            |       |     4 ||     4
 Stab: Distracted        |       |     1 ||     1
  Eat: Chunk             |     4 |     6 ||    10
       Bread ration      |       |     1 ||     1
Armor: Robe              |     1 |       ||     1
       Leather armour    |     3 |     3 ||     6
Dodge: Dodged            |    13 |    11 ||    24
